 Dungeon Crawl Stone Soup version 0.29.1-15-g9cfb28693d (webtiles) character file.

Game seed: 5645630868160835974

36 112233 the Trooper (level 3, 0/30 HPs)
             Began as a Demonspawn Monk on Feb 23, 2023.
             Slain by an adder (3 damage)
             ... on level 3 of the Dungeon.
             The game lasted 00:01:48 (1639 turns).

112233 the Trooper (Demonspawn Monk)                Turns: 1639, Time: 00:01:48

Health: 0/30       AC:  2    Str: 11    XL:     3   Next: 19%
Magic:  3/3        EV: 13    Int: 13    God:
Gold:   88         SH:  0    Dex: 15    Spells: 2/2 levels left

rFire   . . .      SeeInvis .   d - +0 club
rCold   . . .      Faith    .   (no shield)
rNeg    . . .      Spirit   .   a - +0 robe
rPois   .          Reflect  .   (no helmet)
rElec   +          Harm     .   (no cloak)
rCorr   .          Rampage  .   (no gloves)
Will    .....                   (no boots)
Stlth   ++........              (no amulet)
HPRegen 0.10/turn               (no ring)
MPRegen 0.08/turn               (no ring)

@: no status effects
A: demonic guardian 1, weakness stinger 1, screaming 1, electricity resistance,
inability to read after injury 1
a: no special abilities


You were on level 3 of the Dungeon.
You visited 1 branch of the dungeon, and saw 3 of its levels.

You collected 88 gold pieces.

Inventory:

Hand Weapons
 d - a +0 club (weapon)
Armour
 a - a +0 robe (worn)
Potions
 b - a potion of ambrosia
 f - a potion of curing {unknown}


   Skills:
 + Level 4.2 Fighting
 - Level 2.7 Dodging
 - Level 1.8 Stealth
 - Level 2.7 Unarmed Combat


You had 2 spell levels left.
You didn't know any spells.
Your spell library contained the following spells:

 Spells                   Type           Power      Damage    Failure   Level
 Necrotise                Necr           0%         1d4       30%         1
 Vampiric Draining        Necr           0%         2d6       67%         3
 Agony                    Necr           0%         N/A       100%        5


Dungeon Overview and Level Annotations

Branches:
Dungeon (3/15)

Altars:
Uskayaw

Annotations:
D:1 exclusion: downstairs
D:3 exclusion: upstairs


Innate Abilities, Weirdness & Mutations

A weak demonic guardian rushes to your aid.
You have a small tail.
You occasionally shout uncontrollably at your foes.
You are resistant to electric shocks. (rElec)
You occasionally lose the ability to read scrolls when taking damage.


Message History

You hit the adder.
The adder is heavily wounded.
You feel sick. The adder misses you.
You hit the adder. You tail-slap the adder.
The adder is almost dead.
You feel sick. The adder bites you. The adder misses you.
It was a potion of mutation.
You feel extremely strange.
You occasionally lose the ability to read scrolls when taking damage.
You feel the urge to shout.
You feel insulated.
You feel sick.
You are no longer poisoned.
The adder barely misses you.
Unknown command.
You are too injured to fight recklessly!
You are too injured to fight recklessly!
You are too injured to fight recklessly!
You are too injured to fight recklessly!
You are too injured to fight recklessly!
You are too injured to fight recklessly!
You are too injured to fight recklessly!
The adder bites you but does no damage. The adder barely misses you.
You barely miss the adder.
The adder is almost dead.
The adder bites you.
* * * LOW HITPOINT WARNING * * *
You closely miss the adder.
The adder is almost dead.
The adder bites you.
* * * LOW HITPOINT WARNING * * *
The adder barely misses you.
You closely miss the adder.
The adder is almost dead.
The adder bites you.
* * * LOW HITPOINT WARNING * * *
A demonic guardian appears!
The adder bites you.
* * * LOW HITPOINT WARNING * * *
You barely miss the adder.
The adder is severely wounded.
The adder bites you.
You die...

#####[)##+##..#
.......#...#..###
#####.##._.##....
#.#B....#...##
#.#.###.#....##
#.###.###.....###.#.
##.##...##.5.......[[
#..#.#.#(#....###.#
####..#..#((#..#@S..#
......#.#(#(#..#####.#
..##..##(((##.## .
#...#####..#
##.........#
##.......##
.....)#.#......
####......#####
#.......


You could see a +0 short sword, an adder (ally target) and a friendly white imp
(summoned).

Vanquished Creatures
  A dart slug (D:1)
  An orc (D:3)
  3 ball pythons
  2 endoplasms (D:1)
  A giant cockroach (D:3)
  3 goblins
  3 hobgoblins
  2 jackals (D:3)
  A quokka (D:1)
  4 bats
  4 frilled lizards
  3 kobolds
  2 rats (D:1)
30 creatures vanquished.

Vanquished Creatures (collateral kills)
  A hobgoblin (D:3)
1 creature vanquished.

Vanquished Creatures (others)
  A plant (D:1)
1 creature vanquished.

Grand Total: 32 creatures vanquished

Notes
Turn   | Place    | Note
-------+----------+-------------------------------------------
     0 | D:1      | 112233 the Demonspawn Monk began the quest for the Orb.
     0 | D:1      | Reached XP level 1. HP: 18/18 MP: 1/1
   452 | D:1      | Gained mutation: You have a small tail. [demonic ancestry]
   452 | D:1      | Reached XP level 2. HP: 20/24 MP: 2/2
   876 | D:1      | Found a faded altar of an unknown god.
  1052 | D:3      | Reached skill level 4 in Fighting
  1446 | D:3      | Gained mutation: A weak demonic guardian rushes to your
                  | aid. [demonic ancestry]
  1446 | D:3      | Reached XP level 3. HP: 30/30 MP: 3/3
  1598 | D:3      | Noticed a +0 dagger
  1599 | D:3      | Noticed a +0 falchion
  1600 | D:3      | Noticed a +0 spear
  1600 | D:3      | Noticed a +0 short sword
  1601 | D:3      | Noticed a +0 dagger
  1601 | D:3      | Noticed a +0 spear
  1601 | D:3      | Noticed a +0 short sword
  1601 | D:3      | Noticed a +0 falchion
  1603 | D:3      | Found a hide-covered altar of Uskayaw.
  1634 | D:3      | Gained mutation: You occasionally lose the ability to read
                  | scrolls when taking damage. [potion of mutation]
  1634 | D:3      | Gained mutation: You occasionally shout uncontrollably at
                  | your foes. [potion of mutation]
  1634 | D:3      | Gained mutation: You are resistant to electric shocks.
                  | (rElec) [potion of mutation]
  1639 | D:3      | Slain by an adder

Illustrated notes

Levels and vault maps discovered:
D:1:      dpeg_arrival_arbitrary_c, layout_basic,
          dreamdust_ecumenical_altar_grove
D:2:      layout_loops_corners, basic_altar, minmay_tromino_i4
D:3:      layout_loops_ring, nicolae_uskayaw_en_pointe,
          grunt_temple_overflow_open, uniq_ijyb, uniq_sigmund

Skill      XL: |  1  2 |
---------------+-------+-----
Fighting       | 4 |  4.2
Dodging        | |  2.7
Stealth        | |  1.8
Unarmed Combat | |  2.7

Action                   || total
-------------------------++-------
Melee: Club              ||   124
       Unarmed           ||     4
       Punch             ||     3
       Tailslap          ||     5
  Use: Scroll            ||     2
       Potion            ||     2
 Stab: Sleeping          ||     2
Armor: Robe              ||    30
Dodge: Dodged            ||   123
